 Dungeon Sprint DCSS version 0.28.0-43-g3370ac3207 (webtiles) character file.

Game seed: 16662075966172641658

240 boopmooplesden the Spear-Bearer (level 5, -6/58 HPs)
             Began as a Minotaur Berserker on Mar 8, 2022.
             Was a Believer of Trog.
             Mangled by a merfolk siren
             ... wielding a +0 spear
              (10 damage)
             ... in the Dungeon (Sprint II: "The Violet Keep of Menkaure").
             The game lasted 00:00:21 (66 turns).

boopmooplesden the Spear-Bearer (Minotaur Berserker)  Turns: 66, Time: 00:00:22

Health: -6/58      AC:  2    Str: 21    XL:     5   Next: 80%
Magic:  4/4        EV: 13    Int:  4    God:    Trog [**....]
Gold:   243        SH:  0    Dex: 12    Spells: 4/4 levels left

rFire   . . .      SeeInvis .   a - +0 spear
rCold   . . .      Faith    .   (no shield)
rNeg    . . .      Spirit   .   b - +0 animal skin
rPois   .          Reflect  .   (helmet restricted)
rElec   .          Harm     .   (no cloak)
rCorr   .          Rampage  .   (no gloves)
Will    .....      NoTele   +   (no boots)
Stlth   +.........              (no amulet)
HPRegen 0.19/turn               (no ring)
MPRegen 0.09/turn               (no ring)

@: mesmerised
A: horns 2, retaliatory headbutt
a: Renounce Religion, Berserk, Trog's Hand


You were in the Dungeon.
You worshipped Trog.
Trog was pleased with you.
You visited 1 branch You collected 243 gold pieces.

Inventory:

Hand Weapons
 a - a +0 spear (weapon)
Armour
 b - a +0 animal skin (worn)
Scrolls
 h - a scroll of blinking
Potions
 c - a potion of curing
 e - a potion of haste
 f - 2 potions of magic
 g - a potion of berserk rage


   Skills:
 + Level 9.6 Fighting
 + Level 10.0 Polearms
 + Level 5.0 Armour
 + Level 4.8 Dodging


You had 4 spell levels left.
You didn't know any spells.
Your spell library was empty.

Dungeon Overview and Level Annotations

Branches:
Dungeon (1/1)

Altars:


Innate Abilities, Weirdness & Mutations

You have a pair of horns on your head.
You reflexively headbutt those who attack you in melee.


Message History

You barely miss the merfolk siren.
The merfolk siren is moderately wounded.
The merfolk siren hits you with a +0 spear.
* * * LOW HITPOINT WARNING * * *
You barely miss the merfolk siren.
The merfolk siren is moderately wounded.
You hit the merfolk siren. Your headbutt misses the merfolk siren.
The merfolk siren is heavily wounded.
The merfolk siren chants a haunting song.
You are mesmerised by the merfolk siren!
You hit the merfolk siren but do no damage.
The merfolk siren is heavily wounded.
You miss the merfolk siren.
The merfolk siren is heavily wounded.
You recover from your berserk rage.
The merfolk siren chants its luring song.
You hit the merfolk siren but do no damage.
Your headbutt misses the merfolk siren.
The merfolk siren is heavily wounded.
The merfolk siren chants its luring song.
You closely miss the merfolk siren.
The merfolk siren is heavily wounded.
You hit the merfolk siren. Your headbutt misses the merfolk siren.
The merfolk siren is heavily wounded.
The merfolk siren chants its luring song.
You hit the merfolk siren. You headbutt the merfolk siren!
You punch the merfolk siren.
The merfolk siren is almost dead.
You hit the merfolk siren but do no damage.
The merfolk siren is almost dead.
The merfolk siren chants its luring song.
You hit the merfolk siren but do no damage.
The merfolk siren is almost dead.
The merfolk siren chants its luring song.
You hit the merfolk siren but do no damage.
The merfolk siren is almost dead.
You closely miss the merfolk siren.
The merfolk siren is almost dead.
The merfolk siren hits you with a +0 spear!
You die...

## #+#
#.##
##.##...#
+.<.@m#
##.##...#
##†###.##
##†#.####
#..#..#
###.###
#+#


You could see a merfolk siren (mesmerising).

Vanquished Creatures
  4 scorpions (D)
4 creatures vanquished.

Vanquished Creatures (others)
  A water moccasin (D)
1 creature vanquished.

Grand Total: 5 creatures vanquished

Notes
Turn   | Place    | Note
-------+----------+-------------------------------------------
     0 | D        | boopmooplesden the Minotaur Berserker began the quest for
                  | the Orb.
     0 | D        | Reached XP level 1. HP: 19/19 MP: 0/0
     1 | D        | Noticed a scorpion
     1 | D        | Noticed a scorpion
     1 | D        | Noticed a scorpion
     1 | D        | Noticed a scorpion
     4 | D        | Killed a scorpion
     5 | D        | Reached skill level 6 in Polearms
     5 | D        | Reached XP level 2. HP: 31/31 MP: 1/1
     5 | D        | Reached XP level 3. HP: 38/38 MP: 2/2
     7 | D        | Killed a scorpion
     8 | D        | Reached skill level 8 in Polearms
     8 | D        | Reached XP level 4. HP: 48/48 MP: 3/3
    10 | D        | Killed a scorpion
    10 | D        | Reached ** piety under Trog
    11 | D        | Reached skill level 9 in Polearms
    11 | D        | Reached XP level 5. HP: 57/57 MP: 4/4
    12 | D        | Reached skill level 10 in Polearms
    12 | D        | Reached skill level 5 in Armour
    40 | D        | Killed a water moccasin
    45 | D        | Noticed a merfolk siren
    54 | D        | HP: 2/58 [merfolk siren/+0 spear (2)]
    66 | D        | Mangled by a merfolk siren

Illustrated notes

Levels and vault maps discovered:
D:        the_violet_keep_of_menkaure [sprint2_stairs_cluster_1,
          sprint2_shoproom, sprint2_temple, sprint2_basic_supplies,
          sprint2_obstacle_2, sprint2_obstacle_1, sprint2_obstacle_6,
          sprint2_obstacle_7, sprint2_obstacle_4, sprint2_timed_cluster_1,
          sprint2_smallroom_cluster_1, sprint2_smallroom_final_cluster_1,
          sprint2_transparent_cluster_1, sprint2_second_timed_cluster_1,
          sprint2_sniper_area_1, sprint2_heavy_combat_area_1,
          sprint2_mutation_trap_area_1, sprint2_forest_area_1,
          sprint2_light_combat_area_1, sprint2_behind_water_1,
          sprint2_near_end_vault_1]

Skill      XL: |  1  2  3  4  5 |
---------------+----------------+-----
Fighting       | 6 7 9 |  9.6
Polearms       | 6 8 9 10 | 10.0
Armour         | 3 4 5 |  5.0
Dodging        | 3 4 |  4.8

Action                   |  1- 3 |  4- 6 || total
-------------------------+-------+-------++-------
Melee: Spear             |     5 |    22 ||    27
       Headbutt          |     1 |     5 ||     6
       Punch             |       |     1 ||     1
Invok: Berserk           |     1 |       ||     1
  Use: Potion            |       |     1 ||     1
Dodge: Dodged            |     1 |     1 ||     2
